 Dungeon Crawl Stone Soup version 0.29-a0-823-gc37b1572da (webtiles) character file.

Game seed: 16529707818858276220

7 pyrow613 the Shield-Bearer (level 1, 0/10 (18) HPs)
             Began as a Demigod Fighter on July 8, 2022.
             Slain by a kobold
             ... wielding a +2 short sword of draining
              (2 damage)
             ... on level 1 of the Dungeon.
             The game lasted 00:00:47 (495 turns).

pyrow613 the Shield-Bearer (Demigod Fighter)         Turns: 495, Time: 00:00:48

HP:   0/10 (18)     AC:  8    Str: 17    XL:     1   Next: 73%
MP:   3/3           EV:  6    Int: 10    God:
Gold: 34            SH:  4    Dex: 13    Spells: 0/0 levels left

rFire   . . .      SeeInvis .   a - +0 long sword
rCold   . . .      Faith    .   c - +0 buckler
rNeg    . . .      Spirit   .   h - +0 chain mail
rPois   .          Reflect  .   (no helmet)
rElec   .          Harm     .   (no cloak)
rCorr   .          Rampage  .   (no gloves)
Will    .....                   (no boots)
Stlth   ..........              (no amulet)
HPRegen 0.03/turn               (no ring)
MPRegen 0.08/turn               (no ring)

@: very heavily drained
A: high MP 1, forlorn, divine attributes
a: no special abilities


You were on level 1 of the Dungeon.
You visited 1 branch of the dungeon, and saw 1 of its levels.

You collected 34 gold pieces.

Inventory:

Hand Weapons
 a - a +0 long sword (weapon)
Armour
 c - a +0 buckler (worn)
 h - a +0 chain mail (worn)
Scrolls
 g - a scroll of poison {unknown}
Potions
 d - a potion of might
 e - 2 potions of heal wounds {unknown}
 f - a potion of invisibility {unknown}


   Skills:
 - Level 2.6 Fighting
 * Level 2.4 Long Blades
 - Level 2.6 Armour
 - Level 2.6 Shields


You couldn't memorise any spells.
You didn't know any spells.
Your spell library contained the following spells:

 Spells                   Type           Power      Damage    Failure   Level
 Slow                     Hex            0%         N/A       100%        1
 Confusing Touch          Hex            0%         N/A       100%        3
 Vampiric Draining        Necr           0%         2d6       100%        3


Dungeon Overview and Level Annotations

Branches:
Dungeon (1/15)


Innate Abilities, Weirdness & Mutations

You have an increased reservoir of magic. (+10% MP)
You shall have no god before yourself.
Your divine heritage dramatically boosts your attributes as you level up.


Message History

You finish taking off your +0 scale mail.
You start putting on your armour.
You continue putting on your +0 chain mail. x5
You finish putting on your +0 chain mail.
You drop a +0 scale mail.
You open the door.
There is an open door here.
A kobold comes into view.
It is wielding a +2 short sword of draining.
Found a leather armour.
The kobold shouts!
A rat comes into view.
The kobold hits you but does no damage.
You feel drained.
You hit the kobold.
The kobold is moderately wounded.
The kobold hits you with a +2 short sword of draining.
You feel drained.
The kobold hits you with a +2 short sword of draining.
You feel drained.
You are too injured to fight recklessly!
You are too injured to fight recklessly!
The kobold attacks as you move away! The kobold hits you but does no damage.
You feel drained. The kobold attacks as you move away!
The kobold barely misses you.
There is an open door here.
The kobold attacks as you move away!
The kobold hits you with a +2 short sword of draining.
You feel drained.
The rat twitches its whiskers.
You barely miss the kobold.
The kobold hits you with a +2 short sword of draining.
* * * LOW HITPOINT WARNING * * *
You feel drained.
You closely miss the kobold. You block the kobold's attack.
You miss the kobold. The kobold hits you but does no damage.
You feel drained.
You barely miss the kobold. You block the kobold's attack.
The kobold hits you but does no damage.
You feel drained.
You closely miss the kobold. The kobold completely misses you.
You closely miss the kobold.
The kobold hits you with a +2 short sword of draining.
You die...

#.# #.#.#
########.#####.#
#............#.#
#.######.###.#..
#.# #.# #†# #.#
#[###.# #.#
#.....# #.#
####### #@# #K#
###r########
#...........
#........##
#....!...###
#..........[
#........##.
#........#


You could see a kobold and a rat.

Vanquished Creatures
  A bat (D:1)
  An endoplasm (D:1)
  3 goblins (D:1)
  A frilled lizard (D:1)
  A rat (D:1)
7 creatures vanquished.

Notes
Turn   | Place    | Note
-------+----------+-------------------------------------------
     0 | D:1      | pyrow613 the Demigod Fighter began the quest for the Orb.
     0 | D:1      | Reached XP level 1. HP: 18/18 MP: 3/3
   495 | D:1      | Slain by a kobold

Illustrated notes

Levels and vault maps discovered:
D:1:      dpeg_arrival_rhombus, layout_basic, dilly_ecumenical_altar_fadedgnrine

Skill      XL: |  1 |
---------------+----+-----
Long Blades    | 2 |  2.4
Fighting       | |  2.6
Armour         | |  2.6
Shields        | |  2.6

Action                   || total
-------------------------++-------
Melee: Long sword        ||    27
Armor: Scale mail        ||    13
       Chain mail        ||     4
Dodge: Dodged            ||    12
Block: Buckler           ||     5

Table legend: (Time is in decaauts)
 A = Elapsed time spent in this place.
 B = Non-inter-level travel time spent in this place.
 C = Inter-level travel time spent in this place.
 D = Time resting spent in this place.
 E = Time spent auto-exploring this place.
 F = Levels seen in this place.
 G = Mean time per level.
                   A        B        C        D        E       F      G
               +--------+--------+--------+--------+--------+-----+--------+
         Total |    503 |    503 |      0 |    240 |    164 |   1 |  503.0 |
       Dungeon |    503 |    503 |      0 |    240 |    164 |   1 |  503.0 |
               +--------+--------+--------+--------+--------+-----+--------+

Top non-repeatable levels by time:
     D:1: 503 daAuts
